 Seeded DCSS version 0.27.1-3-gb3d3a73c9e (webtiles) character file.

Game seed: 20211025 (custom seed)

2 jessy the Ducker (level 1, 0/18 HPs)
             Began as a Hill Orc Wanderer on Oct 25, 2021.
             Slain by an endoplasm (1 damage)
             ... on level 1 of the Dungeon.
             The game lasted 00:01:12 (188 turns).

jessy the Ducker (Hill Orc Wanderer)                 Turns: 188, Time: 00:01:14

Health: 0/18       AC:  2    Str: 15    XL:     1   Next: 40%
Magic:  1/1        EV:  9    Int: 11    God:
Gold:   0          SH:  7    Dex: 10    Spells: 0/0 levels left

rFire    . . .     SeeInvis .   a - +0 club
rCold    . . .     Faith    .   e - +0 kite shield
rNeg     . . .     Spirit   .   d - +0 robe
rPois    .         Reflect  .   (no helmet)
rElec    .         Harm     .   (no cloak)
rCorr    .         Rampage  .   (no gloves)
Will     .....                  (no boots)
Stlth    +.........             (no amulet)
HPRegen  0.06/turn              (no ring)
MPRegen  0.07/turn              (no ring)

@: no status effects
A: no striking features
a: no special abilities


You were on level 1 of the Dungeon.
You visited 1 branch of the dungeon, and saw 1 of its levels.

Inventory:

Hand Weapons
 a - a +0 club (weapon)
Missiles
 i - 19 stones (quivered)
Armour
 d - a +0 robe (worn)
 e - a +0 kite shield (worn)
Scrolls
 c - a scroll of teleportation
Potions
 b - a potion of lignification
 f - a potion of haste {unknown}
 g - a potion of flight {unknown}
 h - a potion of berserk rage {unknown}


   Skills:
 + Level 2.4 Fighting
 + Level 1.0 Short Blades
 + Level 2.1 Polearms
 + Level 2.6 Dodging
 + Level 1.1 Shields
 + Level 1.0 Evocations


You couldn't memorise any spells.
You didn't know any spells.
Your spell library was empty.

Dungeon Overview and Level Annotations

Branches:
Dungeon (1/15)

Altars:

Shops:
D:1 (


Message History

You see here 19 stones.
h - a bubbling emerald potion
There are no items here.
You see here 19 stones.
i - 19 stones You open the door.
You open the door.
There is an open door here.
An endoplasm and a hobgoblin come into view.
The hobgoblin shouts!
A rat comes into view.
You hit the hobgoblin but do no damage. You block the hobgoblin's attack.
The hobgoblin hits you.
You hit the hobgoblin.
The hobgoblin is lightly wounded.
The hobgoblin barely misses you. The endoplasm barely misses you.
You closely miss the hobgoblin.
The hobgoblin is lightly wounded.
The hobgoblin barely misses you. The endoplasm hits you.
The hobgoblin hits you.
The endoplasm hits you but does no damage.
You hit the hobgoblin but do no damage. You block the rat's attack.
The endoplasm freezes you.
You are frozen.
The hobgoblin closely misses you. The rat barely misses you.
The hobgoblin closely misses you.
The endoplasm hits you but does no damage.
You hit the hobgoblin.
The hobgoblin is heavily wounded.
You block the rat's attack. You block the hobgoblin's attack.
The endoplasm freezes you.
You are frozen.
* * * LOW HITPOINT WARNING * * *
You hit the hobgoblin.
You kill the hobgoblin!
The rat barely misses you. The endoplasm freezes you.
You are frozen.
* * * LOW HITPOINT WARNING * * *
You block the rat's attack. The endoplasm hits you.
You die...

.................###..###
###########.....###...######
..................'.........
..........#########.....####
........[...................
..........#############.####
.............. .........
.....############J...###.##
.....'..........@.........
.....############r...### .#
###### ....# ....... #######


You could see an endoplasm and a rat.

Vanquished Creatures
  A bat (D:1)
  An endoplasm (D:1)
  A hobgoblin (D:1)
3 creatures vanquished.

Notes
Turn   | Place    | Note
-------+----------+-------------------------------------------
     0 | D:1      | jessy the Hill Orc Wanderer began the quest for the Orb.
     0 | D:1      | jessy set off with the following items: a +0 club, a potion
                  | of lignification, a scroll of teleportation, a +0 robe, a
                  | +0 kite shield
     0 | D:1      | Reached XP level 1. HP: 18/18 MP: 1/1
    99 | D:1      | Found Fotta's Weapon Boutique.
   188 | D:1      | Slain by an endoplasm

Illustrated notes

Levels and vault maps discovered:
D:1:      wander_arrival_peaceful_grave, layout_basic, serial_shops,
          nicolae_lakefront_shop, nicolae_shop_waterfront, shop,
          nicolae_square_shop

Action                   || total
-------------------------++-------
Melee: Club              ||    19
Armor: Robe              ||    28
Dodge: Dodged            ||    26
Block: Kite shield       ||    25
